 Dungeon Crawl Stone Soup version 0.15-a0-2388-g9f833ab (webtiles) character file.

900 PolkaDot the Martial Artist (level 7, -1/57 HPs)
             Began as a Mottled Draconian Transmuter on Aug 2, 2014.
             Was a Follower of Makhleb.
             Slain by an ogre
             ... wielding a +0 giant spiked club
              (23 damage)
             ... on Level 5 of the Dungeon.
             The game lasted 00:21:45 (4697 turns).

PolkaDot the Martial Artist (DrTm)                  Turns: 4697, Time: 00:21:45

HP  -1/57        AC  6     Str 13      XL: 7   Next: 79%
MP  21/21        EV 12     Int 13      God: Makhleb [*.....]
Gold 162         SH  0     Dex 13      Spells:  2 memorised,  6 levels left

rFire  . . .     SeeInvis .       - Unarmed
rCold  . . .     Clarity  .     (armour unavailable)
rNeg   . . .     rCorr    .     (no shield)
rPois  .         rRot     .     (helmet restricted)
rElec  .         Spirit   .     (no cloak)
SustAb .         Warding  .     (no gloves)
rMut   .         Stasis   .     (no boots)
Gourm  .                        (no amulet)
MR     .....                    k - ring of magical power
                                e - ring of stealth

@: not resistant to hostile enchantments, unstealthy
A: breathe sticky flames, unfitting armour, cold-blooded, AC +6
a: Breathe Sticky Flame, Renounce Religion


You were on level 5 of the Dungeon.
You worshipped Makhleb.
Makhleb was aware of your devotion.
You were not hungry.

You visited 1 branch of the dungeon, and saw 5 of its levels.

You collected 162 gold pieces.

Inventory:

Magical devices
 n - a wand of fireball (6) {unknown}
Comestibles
 a - 3 bread rations
 b - a chunk of worm flesh {@w1}
 c - a rotting chunk of rat flesh {@w1}
 h - 2 chunks of iguana flesh {@w1}
 i - a beef jerky
 q - 3 meat rations
Scrolls
 f - 6 scrolls of teleportation {unknown}
 g - a scroll of enchant weapon {unknown}
 j - a scroll of identify
 l - a scroll of fog
 m - a scroll of magic mapping {unknown}
 o - a scroll of noise {unknown}
 p - 2 scrolls of remove curse {unknown}
 s - a scroll of immolation {unknown}
Jewellery
 e - a ring of stealth (left hand)
 k - a ring of magical power (right hand)
Potions
 u - a potion of resistance
Books
 d - a book of Changes

   Spells                             Type                      Level
   *Beastly Appendage                 Transmutation                1
   Sticks to Snakes                   Transmutation                2
   *Spider Form                       Transmutation/Poison         3
   Ice Form                           Ice/Transmutation            4
   Blade Hands                        Transmutation                5


   Skills:
 + Level 3.4 Fighting
 - Level 1.7 Dodging
 * Level 8.8 Unarmed Combat
 - Level 2.0 Spellcasting
 + Level 2.2 Transmutations


You had 6 spell levels left.
You knew the following spells:

 Your Spells              Type           Power        Failure   Level  Hunger
a - Beastly Appendage     Trmt           #.....       12%         1    ##.....
s - Spider Form           Trmt/Pois      #.........   52%         3    ####...


Dungeon Overview and Level Annotations

Branches:
Dungeon (5/15)
 Temple: D:4-7

Altars:
Makhleb
Qazlal
Trog
Vehumet


Innate Abilities, Weirdness & Mutations

You can spit globs of burning liquid.
You can ignite nearby creatures when you spit burning liquid.
Your weird mottled scales are hard (AC +6).
Your body does not fit into most forms of armour.
Your cold-blooded metabolism reacts poorly to cold.


Message History

You punch the iguana!
You kill the iguana!
Makhleb accepts your kill.
No target in view!
You see here an iguana corpse.
You start butchering the iguana corpse.
You continue butchering the corpse.
You continue butchering the corpse. x2
You finish butchering the iguana corpse.
h - 2 chunks of iguana flesh {@w1}
n - a brass wand An ogre comes into view.
It is wielding a giant spiked club.
The helpless ogre fails to defend itself.
You punch the ogre!
The ogre is heavily wounded.
The ogre hits you with a giant spiked club!!
Ouch! That really hurt!
You hit the ogre. You punch the ogre!
The ogre is almost dead.
The ogre hits you with a giant spiked club!!
You die...

.#######..###.# .#
#.......
.#######.####.###
..................
.########.###.##
.####..........#
......###.###..#
......#
#..##..####
......#
##.##...@O#
......# .##...#.#
####### #######.#
.# .# .# .. .# .


You could see an ogre.

Vanquished Creatures
  A sky beast (D:4)
  A phantom (D:4)
  An ogre (D:3)
  Duvessa (D:4)
  A centaur (D:4)
  The ghost of Gekot the Magician, an average DEWz (D:3)
  A crimson imp (D:5)
  Dowan (D:4)
  A hound (D:4)
  2 orc wizards (D:4)
  A worker ant (D:5)
  2 iguanas
  4 adders
  4 gnolls (D:4)
  2 giant mites
  5 worms
  A giant gecko (D:1)
  3 oozes
  13 orcs
  7 hobgoblins
  5 quokkas
  2 ball pythons (D:2)
  8 bats
  3 giant cockroaches
  3 giant newts
  A giant newt skeleton (D:4)
  12 goblins
  A hobgoblin skeleton (D:4)
  4 jackals
  8 kobolds
  A kobold skeleton (D:5)
  19 rats
120 creatures vanquished.

Vanquished Creatures (others)
  An orc (D:3)
1 creature vanquished.

Grand Total: 121 creatures vanquished

Notes
Turn   | Place    | Note
--------------------------------------------------------------
     0 | D:1      | PolkaDot, the Draconian Transmuter, began the quest for the Orb.
     0 | D:1      | Reached XP level 1. HP: 16/16 MP: 3/3
   135 | D:1      | Reached XP level 2. HP: 10/23 MP: 4/4
   471 | D:1      | Reached skill level 4 in Unarmed Combat
   627 | D:1      | Reached XP level 3. HP: 27/29 MP: 6/6
   939 | D:2      | Found a burning altar of Makhleb.
  1085 | D:2      | Found a bloodstained altar of Trog.
  1490 | D:2      | Reached XP level 4. HP: 30/37 MP: 7/7
  2423 | D:3      | Reached skill level 5 in Unarmed Combat
  2425 | D:3      | Noticed an ogre
  2434 | D:3      | Killed an ogre
  2434 | D:3      | Reached XP level 5. HP: 28/45 MP: 9/9
  2563 | D:3      | Noticed Gekot's ghost (average DEWz)
  2579 | D:3      | Killed Gekot's ghost
  2579 | D:3      | Reached skill level 6 in Unarmed Combat
  2579 | D:3      | Reached XP level 6. HP: 39/51 MP: 10/10
  2648 | D:3      | Found a radiant altar of Vehumet.
  2648 | D:3      | Found a stormy altar of Qazlal.
  2979 | D:2      | Became a worshipper of Makhleb the Destroyer
  3334 | D:4      | Reached skill level 7 in Unarmed Combat
  3350 | D:4      | Your scales start taking on a weird mottled pattern.
  3350 | D:4      | Reached XP level 7. HP: 34/57 MP: 12/12
  3783 | D:4      | Noticed Duvessa
  3783 | D:4      | Noticed Dowan
  3793 | D:4      | Killed Duvessa
  3793 | D:4      | Reached skill level 8 in Unarmed Combat
  3797 | D:4      | Killed Dowan
  3825 | D:4      | Found a bloodstained altar of Trog.
  3952 | D:4      | HP: 2/57 [orc wizard/magic dart (5)]
  3961 | D:4      | HP: 3/85 [orc wizard/magic dart (2)]
  4411 | D:4      | Acquired Makhleb's first power
  4564 | D:4      | Learned a level 3 spell: Spider Form
  4602 | D:5      | Entered Level 5 of the Dungeon
  4697 | D:5      | Slain by an ogre

Action                   |  1- 3 |  4- 6 |  7- 9 || total
-------------------------+-------+-------+-------++-------
Melee: Unarmed           |   156 |   230 |   113 ||   499
 Abil: Breathe Sticky Fl |       |       |     6 ||     6
  Use: Potion            |       |     2 |     5 ||     7
       Scroll            |       |       |     2 ||     2
 Stab: Sleeping          |     1 |     3 |     2 ||     6
       Invisible         |       |     1 |       ||     1
  Eat: Chunk             |     2 |     6 |     6 ||    14
